 Dungeon Crawl Stone Soup version 0.20.1-1-g8b1a95d (webtiles) character file.

875 letownia2 the Grave Robber (level 7, 20/55 HPs)
             Began as a Deep Dwarf Necromancer on Nov 28, 2017.
             Quit the game on level 7 of the Dungeon on Nov 29, 2017.
             The game lasted 00:14:51 (3788 turns).

letownia2 the Grave Robber (Deep Dwarf Necromancer) Turns: 3788, Time: 00:14:52

Health: 20/55      AC: 11    Str: 12    XL:     7   Next: 74%
Magic:  5/16       EV:  9    Int: 17    God:
Gold:   164        SH:  0    Dex: 13    Spells: 14/18 levels left

rFire    + . .     SeeInvis .   (no weapon)
rCold    + . .     Gourm    .   (no shield)
rNeg     . . .     Faith    .   w - +0 scale mail
rPois    .         Spirit   .   q - +0 helmet
rElec    .         Reflect  .   d - scarf {rC+ rF+}
rCorr    .         Harm     .   I - +0 pair of gloves
MR       +....                  D - +0 pair of boots
Stlth    +.........             u - amulet of magic regeneration
Regen    0.0/turn               n - +2 ring of protection
MPRegen  0.3/turn               (no ring)

@: non-regenerating
A: damage resistance, heal wounds, sense surroundings 1, no regeneration
a: Heal Wounds


You were on level 7 of the Dungeon.
You were not hungry.

You visited 1 branch of the dungeon, and saw 7 of its levels.

You collected 164 gold pieces.

Inventory:

Hand Weapons
 a - a +0 broad axe
 j - a +0 antimagic whip
Missiles
 i - 2 javelins (quivered)
Armour
 d - a scarf of resistance (worn)
 q - a +0 helmet (worn)
 s - a scarf of cloud immunity
 w - a +0 scale mail (worn)
 y - a +0 ring mail
 D - a +0 pair of boots (worn)
 I - a +0 pair of gloves (worn)
Jewellery
 n - a +2 ring of protection (left hand)
 u - an amulet of magic regeneration (around neck)
Wands
 h - a wand of random effects (11/48)
 x - a wand of flame (34/48)
 A - a wand of confusion (18/48)
Scrolls
 k - a scroll of blinking {unknown}
 l - a scroll of remove curse
 m - 3 scrolls of identify {unknown}
 r - 2 scrolls of teleportation
 v - a scroll of noise {unknown}
 B - a scroll of immolation {unknown}
Potions
 e - a potion of ambrosia {unknown}
 f - a potion of curing {unknown}
 g - a potion of heal wounds {unknown}
 p - a potion of haste {unknown}
 C - a potion of brilliance {unknown}
 E - a potion of berserk rage {unknown}
 F - a potion of might {unknown}
 H - a potion of mutation {unknown}
Books
 b - a book of Necromancy

   Spells                             Type                      Level
   a - Pain                           Necromancy                   1
   b - Animate Skeleton               Necromancy                   1
   c - Vampiric Draining              Necromancy                   3
   d - Regeneration                   Charms/Necromancy            3
   e - Animate Dead                   Necromancy                   4
   f - Control Undead                 Necromancy                   4
Comestibles
 c - a bread ration
 o - 2 fruits
 t - a royal jelly
 z - a meat ration


   Skills:
 - Level 2.1 Dodging
 - Level 2.4 Stealth
 + Level 6.4 Spellcasting
 - Level 6.8 Necromancy


You had 14 spell levels left.
You knew the following spells:

 Your Spells              Type           Power        Failure   Level  Hunger
a - Pain                  Necr           ####         4%          1    None
v - Vampiric Draining     Necr           ####......   12%         3    ##.....


Dungeon Overview and Level Annotations

Branches:
Dungeon (7/15)
 Temple: D:4-7

Altars:
Cheibriados
Dithmenos
Fedhas
Makhleb
Ru
Uskayaw
Yredelemnul

Shops:
D:6 !

Annotations:
D:4 2 exclusions


Innate Abilities, Weirdness & Mutations

You are resistant to damage.
You can heal yourself by infusing magical energy.
You passively map a small area around you.
You do not regenerate.


Message History

Unknown command.
The adder closely misses you. The adder barely misses you.
Casting: Vampiric Draining
Confirm with . or Enter, or press ? or * to list all spells.
Aiming: Vampiric Draining
Press: ? - help, Shift-Dir - straight line, f - adder
Aim: an adder The adder is severely wounded.
You feel life coursing into your body. The adder closely misses you.
All of the chunks of flesh in your inventory have rotted away.
Casting: Vampiric Draining
Confirm with . or Enter, or press ? or * to list all spells.
Aiming: Vampiric Draining
Press: ? - help, Shift-Dir - straight line, f/p - adder
Aim: an adder (severely wounded)
You kill the adder!
You feel life coursing into your body.
You see here a broad axe.
a - a broad axe Are you sure you want to abandon this character and quit the game? (Confirm with "yes".)

###.#.##.# #...#.<#.*
#####.####.#.
#.....#....#.#####
###.....#)####.....#
............>##....#
###.....#######....#
#.....#######....###
###+#.........@....#*
** #####.#.#...#.....
, * #.......#..... ,,
,,
......##.........,. ,
.................. ,
......###.#<#..... ,
...... #.#.#....#** *
* ...... ,..#......#
* * * *.#####*
##........ , *


There were no monsters in sight!

Vanquished Creatures
  An ice beast (D:5)
  A sky beast (D:5)
  A centaur (D:6)
  2 ogres
  A bullfrog (D:6)
  2 killer bees (D:6)
  2 orc wizards (D:4)
  A bullfrog skeleton (D:5)
  2 iguanas
  3 worker ants
  A hound zombie (D:5)
  4 adders
  An ooze (D:4)
  3 adder zombies (D:5)
  A dart slug (D:5)
  4 leopard geckos
  4 orcs
  3 giant cockroaches
  2 quokkas
  2 ball pythons (D:6)
  A bat (D:1)
  A frilled lizard (D:2)
  2 jackal skeletons (D:4)
  2 kobolds
  A leopard gecko skeleton (D:5)
  A rat (D:2)
49 creatures vanquished.

Notes
Turn   | Place    | Note
-------+----------+-------------------------------------------
     0 | D:1      | letownia2 the Deep Dwarf Necromancer began the quest for the Orb.
     0 | D:1      | Reached XP level 1. HP: 15/15 MP: 3/3
   211 | D:2      | You fall through a shaft for 2 floors!
   282 | D:4      | Found a shadowy altar of Dithmenos.
   310 | D:4      | Reached XP level 2. HP: 22/22 MP: 0/5
   590 | D:4      | Reached skill level 5 in Necromancy
   745 | D:4      | Reached XP level 3. HP: 17/28 MP: 1/6
   750 | D:4      | Learned a level 3 spell: Vampiric Draining
   900 | D:4      | Reached XP level 4. HP: 28/36 MP: 1/7
  1248 | D:4      | Noticed a phantom
  1523 | D:5      | Entered Level 5 of the Dungeon
  1562 | D:5      | Found a blossoming altar of Fedhas.
  1565 | D:5      | Reached XP level 5. HP: 15/42 MP: 1/8
  1887 | D:5      | Found a sacrificial altar of Ru.
  1890 | D:5      | Noticed a sky beast
  1961 | D:5      | Killed a sky beast
  1969 | D:5      | Reached XP level 6. HP: 28/49 MP: 1/11
  2448 | D:5      | Noticed an ice beast
  2690 | D:6      | Found a hide-covered altar of Uskayaw.
  2765 | D:6      | Found a burning altar of Makhleb.
  2917 | D:6      | Found a snail-covered altar of Cheibriados.
  2971 | D:5      | Killed an ice beast
  3163 | D:5      | Found a basalt altar of Yredelemnul.
  3233 | D:5      | Reached skill level 5 in Spellcasting
  3233 | D:5      | Reached XP level 7. HP: 39/55 MP: 4/14
  3510 | D:6      | Found Teeg's Distillery.
  3788 | D:7      | Quit the game

Skill      XL: |  1  2  3  4  5  6  7 |
---------------+----------------------+-----
Spellcasting   | 2 3 5 6 |  6.4
Necromancy     | 5 6 |  6.8
Dodging        | |  2.1
Stealth        | |  2.4

Action                   |  1- 3 |  4- 6 |  7- 9 || total
-------------------------+-------+-------+-------++-------
Melee: Dagger            |       |   207 |       ||   207
       Unarmed           |       |     4 |    26 ||    30
Throw: Javelin           |     4 |    15 |     2 ||    21
 Cast: Pain              |    24 |    10 |    13 ||    47
       Vampiric Draining |     2 |    26 |    15 ||    43
Evoke: Wand              |     5 |     3 |       ||     8
  Use: Scroll            |       |     2 |       ||     2
 Stab: Sleeping          |       |     1 |       ||     1
  Eat: Chunk             |       |     6 |     3 ||     9
       Fruit             |       |     4 |     1 ||     5
Armor: Robe              |       |    32 |       ||    32
       Scale mail        |       |    64 |    39 ||   103
Dodge: Dodged            |    11 |   158 |    46 ||   215
